Moose vs Comets

Created - March 10, 2025 at 00:05

Goals
1 2 3 T
Moose 1 1 0 2
Comets 5 2 3 10
Shots
1 2 3 T
Moose 12 11 10 33
Comets 18 10 10 38

1st period

1. Comets , Conor Garland 22 (Jake Bean 17, Brett Howden 29) at 8:40
2. Comets , Joonas Donskoi 27 (Brett Seney 30, Valeri Nichushkin 30) at 8:52
3. Comets , Joonas Donskoi 28 (Valeri Nichushkin 31, Brett Seney 31) at 9:38
4. Comets , Conor Garland 23 (Brett Howden 30, Mason Marchment 19) at 16:03
5. Moose , Logan O'Connor 22 (Mitchell Stephens 11, Ludwig Bystrom 32) at 17:26
6. Comets , Brett Howden 17 (Conor Garland 35, Mason Marchment 20) at 19:52

Penalties :
Jake Leschyshyn (Man) for Tripping (Minor) at 3:33

2nd period

7. Comets , Alexandre Texier 20 (John Hayden 19, Jake Bean 18) at 0:35
8. Comets , David Kase 12 (Nicolas Roy 8) at 5:34
9. Moose , Boris Katchouk 10 (Riley Damiani 3) at 6:10

Penalties :
No Penalty

3rd period

10. Comets , Brett Seney 30 (Joonas Donskoi 31, Valeri Nichushkin 32) at 2:08 (PP)
11. Comets , Joonas Donskoi 29 (Brett Seney 32, Wyatt Kalynuk 17) at 4:59
12. Comets , Valeri Nichushkin 18 (Joonas Donskoi 32, Brett Seney 33) at 8:14

Penalties :
Ludwig Bystrom (Man) for Hooking (Minor) at 0:22, Juuso Parssinen (Man) for Tripping (Minor) at 18:23

Goalie Stats

Filip Gustavsson (Man), 10 saves from 15 shots - (0.667), L, 22-21-2, 31:04 minutes
Daniel Vladar (Man), 18 saves from 23 shots - (0.783), 28:56 minutes
Juuse Saros (Uti), 31 saves from 33 shots - (0.939), W, 21-12-4, 60:00 minutes

Players Stats for Moose

Player Name              G  A  P  +/- PIM S  H  SB GA TA FO     MP     PP MP  PK MP  
------------------------------------------------------------------------------------
Aliaksei Protas          0  0  0  -1  0   0  4  0  0  0  1/1    11:59   0:00   0:00 
Axel Jonsson-Fjallby     0  0  0  -1  0   3  1  0  0  0  1/1    15:44   0:00   0:00 
Boris Katchouk           1  0  1  -1  0   2  2  0  0  0  1/1    13:49   0:00   1:50 
Caleb Jones              0  0  0  -1  0   0  3  1  0  1  0/0    21:19   0:00   3:01 
Eetu Luostarinen         0  0  0  -4  0   4  1  0  0  1  1/1    21:46   0:00   3:22 
Jake Leschyshyn          0  0  0  -4  2   2  0  0  0  1  17/33  20:54   0:00   2:21 
Joey Keane               0  0  0  -2  0   0  0  0  0  0  0/0    13:14   0:00   0:00 
John Beecher             0  0  0  -1  0   0  0  1  0  1  2/3     8:45   0:00   0:13 
Josh Mahura              0  0  0  -2  0   1  1  2  0  0  0/0    13:35   0:00   0:21 
Julien Gauthier          0  0  0  -4  0   2  2  1  1  1  1/2    18:24   0:00   0:00 
Juuso Parssinen          0  0  0  -1  2   1  0  0  0  0  0/0     8:40   0:00   0:09 
Juuso Valimaki           0  0  0  -1  0   4  0  0  0  2  0/0    20:30   0:00   2:12 
Logan O'Connor           1  0  1  -1  0   6  1  0  0  0  0/0    15:44   0:00   0:00 
Ludwig Bystrom           0  1  1  -4  2   2  1  0  0  1  0/0    25:05   0:00   1:59 
Lukas Rousek             0  0  0  -1  0   3  1  0  0  0  0/0     8:22   0:00   0:00 
Matthew Benning          0  0  0  -4  0   1  1  2  0  0  0/0    26:16   0:00   3:09 
Mitchell Stephens        0  1  1  -1  0   1  1  0  0  0  7/8    17:16   0:00   1:32 
Riley Damiani            0  1  1  -1  0   1  1  0  0  0  1/4    13:14   0:00   1:15 

Players Stats for Comets

Player Name              G  A  P  +/- PIM S  H  SB GA TA FO     MP     PP MP  PK MP  
------------------------------------------------------------------------------------
Alex Turcotte            0  0  0   1  0   1  1  0  0  0  0/0     8:24   0:00   0:00 
Alexandre Texier         1  0  1   1  0   5  1  0  0  0  0/0    12:44   0:10   0:00 
Brett Howden             1  2  3   2  0   3  0  0  0  1  5/10   18:20   2:02   0:00 
Brett Seney              1  4  5   3  0   6  0  0  1  0  8/29   20:32   3:09   0:00 
Christian Wolanin        0  0  0   2  0   0  1  1  0  0  0/0    21:12   3:19   0:00 
Conor Garland            2  1  3   2  0   4  2  1  1  0  0/0    18:20   2:02   0:00 
David Kase               1  0  1   1  0   2  2  0  0  0  0/0     8:24   0:00   0:00 
Eeli Tolvanen            0  0  0   1  0   2  0  0  1  0  0/0    12:44   0:10   0:00 
Filip Roos               0  0  0   1  0   0  0  1  0  0  0/0     5:58   0:00   0:00 
Ilya Lyubushkin          0  0  0   3  0   0  4  2  0  0  0/0    26:30   3:19   0:00 
Jake Bean                0  2  2   3  0   4  0  0  1  0  0/0    18:16   2:02   0:00 
John Hayden              0  1  1   1  0   1  1  0  0  0  2/5    12:44   0:10   0:00 
Joonas Donskoi           3  2  5   3  0   3  2  1  1  0  4/4    20:32   3:09   0:00 
Marcus Bjork             0  0  0   1  0   0  0  1  0  0  0/0    14:34   0:00   0:00 
Mason Marchment          0  2  2   2  0   2  2  2  0  0  1/1    18:20   2:02   0:00 
Nicolas Roy              0  1  1   1  0   1  0  0  1  0  1/2     8:24   0:00   0:00 
Valeri Nichushkin        1  3  4   3  0   3  2  0  2  0  1/3    20:32   3:09   0:00 
Vincent Desharnais       0  0  0   1  0   0  1  1  0  0  0/0    14:34   0:00   0:00 
Wyatt Kalynuk            0  1  1   3  0   1  0  3  0  0  0/0    18:56   2:02   0:00 

3 Stars

1 - Joonas Donskoi (Uti)
2 - Brett Seney (Uti)
3 - Valeri Nichushkin (Uti)

Power Play

Moose - 0 on 0 Attempt(s) - 0.00%
Comets - 1 on 3 Attempt(s) - 33.33%

Penalty Kill

Moose - 2 on 3 Attempt(s) - 66.67% - Score 0 goal in Penalty Kill
Comets - 0 on 0 Attempt(s) - 0.00% - Score 0 goal in Penalty Kill

Team Stat

Moose - Hits : 20 - Faceoff Wins : 32 - Blocked Shots : 7 - Penalty Minutes : 6
Comets - Hits : 19 - Faceoff Wins : 22 - Blocked Shots : 13 - Penalty Minutes : 0

Official

Referees : Eric Furlatt and Pierre Lambert
Linesman : Tyson Baker and Kyle Flemington

Game Notes

Daniel Vladar enters game at 16:03 of 1st period
Joonas Donskoi has scored a Hat Trick!
Filip Gustavsson enters game at 4:59 of 3rd period

Finance

Level 1 -- Attendance: 2000 (100.00%) -- Ticket Income $140,000
Level 2 -- Attendance: 923 (92.30%) -- Ticket Income $36,920
Total Attendance: 2923 (97.43%)
Total Ticket Income: $176,920
Other Income: $8,846
Total Income: $185,766

Moose

5 vs 5 Forward 
   Center                   Left Wing                Right Wing               Time % Phy DF OF 
 1 Jake Leschyshyn          Eetu Luostarinen         Julien Gauthier          40     1   2  2  
 2 Mitchell Stephens        Axel Jonsson-Fjallby     Logan O'Connor           30     1   2  2  
 3 Riley Damiani            Boris Katchouk           Aliaksei Protas          20     1   2  2  
 4 John Beecher             Juuso Parssinen          Lukas Rousek             10     1   2  2  

5 vs 5 Defense 
   Defense                  Defense                                           Time % Phy DF OF 
 1 Ludwig Bystrom           Matthew Benning                                   40     1   2  2  
 2 Juuso Valimaki           Caleb Jones                                       30     1   2  2  
 3 Josh Mahura              Joey Keane                                        20     1   2  2  
 4 Ludwig Bystrom           Matthew Benning                                   10     1   2  2  

PowerPlay Forward 
   Center                   Left Wing                Right Wing               Time % Phy DF OF 
 1 Jake Leschyshyn          Eetu Luostarinen         Julien Gauthier          60     1   2  2  
 2 Mitchell Stephens        Boris Katchouk           Logan O'Connor           40     1   2  2  

PowerPlay Defense
   Defense                  Defense                                           Time % Phy DF OF 
 1 Ludwig Bystrom           Matthew Benning                                   60     1   2  2  
 2 Juuso Valimaki           Caleb Jones                                       40     1   2  2  

Penalty Kill 4 Players Forward 
   Center                   Wing                     Time % Phy DF OF 
 1 Jake Leschyshyn          Eetu Luostarinen         60     1   2  2  
 2 Mitchell Stephens        Boris Katchouk           40     1   2  2  

Penalty Kill 4 Players Defense
   Defense                  Defense                  Time % Phy DF OF 
 1 Ludwig Bystrom           Matthew Benning          60     1   2  2  
 2 Juuso Valimaki           Caleb Jones              40     1   2  2  

Penalty Kill - 3 Players Forward 
   Forward                                           Time % Phy DF OF 
 1 Jake Leschyshyn                                   60     1   2  2  
 2 Mitchell Stephens                                 40     1   2  2  

Penalty Kill - 3 Players Defense
   Defense                  Defense                  Time % Phy DF OF 
 1 Ludwig Bystrom           Matthew Benning          60     1   2  2  
 2 Juuso Valimaki           Caleb Jones              40     1   2  2  

4 vs 4 Forward 
   Center                   Wing                     Time % Phy DF OF 
 1 Jake Leschyshyn          Eetu Luostarinen         60     1   2  2  
 2 Mitchell Stephens        Boris Katchouk           40     1   2  2  

4 vs 4 Defense
   Defense                  Defense                  Time % Phy DF OF 
 1 Ludwig Bystrom           Matthew Benning          60     1   2  2  
 2 Juuso Valimaki           Caleb Jones              40     1   2  2  

Last Minutes Offensive
   Center                   Left Wing                Right Wing               Defense                  Defense                  
   Jake Leschyshyn          Eetu Luostarinen         Julien Gauthier          Ludwig Bystrom           Matthew Benning          

Last Minutes Defensive
   Center                   Left Wing                Right Wing               Defense                  Defense                  
   Jake Leschyshyn          Eetu Luostarinen         Julien Gauthier          Ludwig Bystrom           Matthew Benning          

Goaltenders
Starting : Filip Gustavsson         
Backup : Daniel Vladar            

Extra Forwards
Normal : Jake Leschyshyn, Axel Jonsson-Fjallby, Mitchell Stephens - PP : Jake Leschyshyn, Axel Jonsson-Fjallby - PK : Jake Leschyshyn
Extra Defensemen
Normal : Caleb Jones, Josh Mahura, Joey Keane - PP : Caleb Jones - PK : Caleb Jones, Josh Mahura
Penalty Shots
Eetu Luostarinen, Julien Gauthier, Logan O'Connor, Boris Katchouk, Jake Leschyshyn
Custom OT Lines Forwards
Eetu Luostarinen, Julien Gauthier, Logan O'Connor, Boris Katchouk, Jake Leschyshyn, Axel Jonsson-Fjallby, Mitchell Stephens, Lukas Rousek, Aliaksei Protas, Riley Damiani
Custom OT Lines Defensemen
Ludwig Bystrom, Matthew Benning, Juuso Valimaki, Caleb Jones, Josh Mahura

Scratches
Anders Bjork (Healthy), Vinni Lettieri (Healthy), Alexander Khovanov (Healthy), Jaret Anderson-Dolan (Healthy), Nelson Nogier (Healthy)
Nick Paul (Healthy), Adam Ginning (Healthy), Kristian Vesalainen (Healthy), Jonny Tychonick (Healthy), Max Jones (Healthy)
Nathan Bastian (Healthy), William Bitten (Healthy), Jonatan Berggren (Healthy), Olle Eriksson Ek (Healthy), Karel Vejmelka (Healthy)

Comets

5 vs 5 Forward 
   Center                   Left Wing                Right Wing               Time % Phy DF OF 
 1 Brett Seney              Valeri Nichushkin        Joonas Donskoi           35     0   2  3  
 2 Brett Howden             Mason Marchment          Conor Garland            30     0   2  3  
 3 John Hayden              Eeli Tolvanen            Alexandre Texier         25     0   2  3  
 4 Nicolas Roy              Alex Turcotte            David Kase               10     0   2  3  

5 vs 5 Defense 
   Defense                  Defense                                           Time % Phy DF OF 
 1 Ilya Lyubushkin          Christian Wolanin                                 35     0   3  2  
 2 Jake Bean                Wyatt Kalynuk                                     30     0   3  2  
 3 Marcus Bjork             Vincent Desharnais                                25     0   3  2  
 4 Filip Roos               Ilya Lyubushkin                                   10     0   3  2  

PowerPlay Forward 
   Center                   Left Wing                Right Wing               Time % Phy DF OF 
 1 Brett Seney              Valeri Nichushkin        Joonas Donskoi           60     0   1  4  
 2 Brett Howden             Mason Marchment          Conor Garland            40     0   1  4  

PowerPlay Defense
   Defense                  Defense                                           Time % Phy DF OF 
 1 Ilya Lyubushkin          Christian Wolanin                                 60     0   2  3  
 2 Jake Bean                Wyatt Kalynuk                                     40     0   2  3  

Penalty Kill 4 Players Forward 
   Center                   Wing                     Time % Phy DF OF 
 1 Brett Howden             Conor Garland            60     1   3  1  
 2 Brett Seney              Joonas Donskoi           40     1   3  1  

Penalty Kill 4 Players Defense
   Defense                  Defense                  Time % Phy DF OF 
 1 Ilya Lyubushkin          Christian Wolanin        60     1   4  0  
 2 Jake Bean                Wyatt Kalynuk            40     1   4  0  

Penalty Kill - 3 Players Forward 
   Forward                                           Time % Phy DF OF 
 1 Brett Seney                                       60     1   3  1  
 2 Brett Howden                                      40     1   3  1  

Penalty Kill - 3 Players Defense
   Defense                  Defense                  Time % Phy DF OF 
 1 Ilya Lyubushkin          Christian Wolanin        60     1   4  0  
 2 Jake Bean                Wyatt Kalynuk            40     1   4  0  

4 vs 4 Forward 
   Center                   Wing                     Time % Phy DF OF 
 1 Brett Seney              Valeri Nichushkin        60     0   2  3  
 2 Brett Howden             Conor Garland            40     0   2  3  

4 vs 4 Defense
   Defense                  Defense                  Time % Phy DF OF 
 1 Ilya Lyubushkin          Christian Wolanin        60     0   3  2  
 2 Jake Bean                Wyatt Kalynuk            40     0   3  2  

Last Minutes Offensive
   Center                   Left Wing                Right Wing               Defense                  Defense                  
   Brett Seney              Valeri Nichushkin        Conor Garland            Ilya Lyubushkin          Christian Wolanin        

Last Minutes Defensive
   Center                   Left Wing                Right Wing               Defense                  Defense                  
   Brett Seney              Valeri Nichushkin        Conor Garland            Ilya Lyubushkin          Christian Wolanin        

Goaltenders
Starting : Juuse Saros              
Backup : Akira Schmid             

Extra Forwards
Normal : Mason Marchment, Brett Howden, Alexandre Texier - PP : Mason Marchment, Brett Howden - PK : Mason Marchment
Extra Defensemen
Normal : Filip Roos, Vincent Desharnais, Marcus Bjork - PP : Marcus Bjork - PK : Marcus Bjork, Vincent Desharnais
Penalty Shots
Valeri Nichushkin, Conor Garland, Brett Seney, Joonas Donskoi, Mason Marchment
Custom OT Lines Forwards
Valeri Nichushkin, Conor Garland, Brett Seney, Joonas Donskoi, Mason Marchment, Brett Howden, Alexandre Texier, Eeli Tolvanen, Alex Turcotte, John Hayden
Custom OT Lines Defensemen
Ilya Lyubushkin, Christian Wolanin, Jake Bean, Wyatt Kalynuk, Marcus Bjork

Scratches
Cristiano Digiacinto (Healthy), Nikita Nesterenko (Healthy), Graeme Clarke (Healthy)

% Time on Ice - Moose

Lines # - Real PCT - Wanted PCT - Time Play
Normal Forward
1 - 34% - 40% - 18:34
2 - 29% - 30% - 15:44
3 - 22% - 20% - 11:59
4 - 15% - 10% - 8:22
Normal Defense
1 - 37% - 40% - 20:08
2 - 33% - 30% - 18:18
3 - 24% - 20% - 13:14
4 - 5% - 10% - 2:59
PP Forward
1 - 0% - 60%
2 - 0% - 40%
PP Defense
1 - 0% - 60%
2 - 0% - 40%
PK Forward
1 - 84% - 60% - 4:30
2 - 16% - 40% - 0:51
PK Defense
1 - 59% - 60% - 3:09
2 - 41% - 40% - 2:12
PK3 Forward
1 - 0% - 60%
2 - 0% - 40%
PK3 Defense
1 - 0% - 60%
2 - 0% - 40%
44 Forward
1 - 0% - 60%
2 - 0% - 40%
44 Defense
1 - 0% - 60%
2 - 0% - 40%
Last Minute Offensive  - 0:00
Last Minute Defensive  - 0:00
Total
Forward - 60:00
Defense - 60:00

% Time on Ice - Comets

Lines # - Real PCT - Wanted PCT - Time Play
Normal Forward
1 - 32% - 35% - 17:32
2 - 30% - 30% - 16:18
3 - 23% - 25% - 12:25
4 - 15% - 10% - 8:24
Normal Defense
1 - 33% - 35% - 17:53
2 - 30% - 30% - 16:14
3 - 27% - 25% - 14:34
4 - 11% - 10% - 5:58
PP Forward
1 - 62% - 60% - 3:19
2 - 38% - 40% - 2:02
PP Defense
1 - 62% - 60% - 3:19
2 - 38% - 40% - 2:02
PK Forward
1 - 0% - 60%
2 - 0% - 40%
PK Defense
1 - 0% - 60%
2 - 0% - 40%
PK3 Forward
1 - 0% - 60%
2 - 0% - 40%
PK3 Defense
1 - 0% - 60%
2 - 0% - 40%
44 Forward
1 - 0% - 60%
2 - 0% - 40%
44 Defense
1 - 0% - 60%
2 - 0% - 40%
Last Minute Offensive  - 0:00
Last Minute Defensive  - 0:00
Total
Forward - 60:00
Defense - 60:00

Play-by-Play

1st period


0:01 of 1st period - Joonas Donskoi wins face-off versus Jake Leschyshyn in neutral zone.
0:31 of 1st period - Off-side.
0:32 of 1st period - Mitchell Stephens wins face-off versus John Hayden in neutral zone.
0:48 of 1st period - Wrist shot by Juuso Valimaki.
0:48 of 1st period - Shot Misses the Net.
1:02 of 1st period - Snap shot by Alexandre Texier.
1:02 of 1st period - Shot Misses the Net.
1:04 of 1st period - Slapshot by Marcus Bjork.
1:04 of 1st period - Shot Misses the Net.
1:46 of 1st period - Snap shot by John Hayden.
1:46 of 1st period - Stopped by Filip Gustavsson with a rebound.
1:48 of 1st period - Wrist shot by Alexandre Texier.
1:48 of 1st period - Shot Misses the Net.
1:50 of 1st period - Wrist shot by Eeli Tolvanen.
1:50 of 1st period - Stopped by Filip Gustavsson with a rebound.
1:52 of 1st period - Slapshot by Alexandre Texier.
1:52 of 1st period - Stopped by Filip Gustavsson without a rebound.
1:53 of 1st period - Mason Marchment wins face-off versus Riley Damiani in Moose zone.
1:54 of 1st period - Snap shot by Conor Garland.
1:54 of 1st period - Shot Misses the Net.
2:18 of 1st period - Eetu Luostarinen is hit by Valeri Nichushkin and loses puck.
2:45 of 1st period - Matthew Benning is hit by Ilya Lyubushkin and loses puck.
3:33 of 1st period - Minor Penalty to Jake Leschyshyn for Tripping.
3:34 of 1st period - Riley Damiani wins face-off versus Brett Seney in Moose zone.
4:00 of 1st period - Ludwig Bystrom is hit by Mason Marchment and loses puck.
4:07 of 1st period - Slapshot by Jake Bean.
4:07 of 1st period - Stopped by Filip Gustavsson with a rebound.
5:33 of 1st period - Penalty to Jake Leschyshyn is over, Jake Leschyshyn is back on ice.
5:33 of 1st period - Caleb Jones is hit by Ilya Lyubushkin and loses puck.
5:58 of 1st period - Wrist shot by David Kase.
5:58 of 1st period - Shot Misses the Net.
6:12 of 1st period - Jake Leschyshyn is hit by Alexandre Texier and loses puck.
6:29 of 1st period - Valeri Nichushkin is hit by Josh Mahura and loses puck.
7:01 of 1st period - Snap shot by Alexandre Texier.
7:01 of 1st period - Shot Misses the Net.
8:36 of 1st period - Snap shot by Brett Howden.
8:36 of 1st period - Shot Misses the Net.
8:38 of 1st period - Snap shot by Jake Bean.
8:38 of 1st period - Stopped by Filip Gustavsson with a rebound.
8:40 of 1st period - Wrist shot by Conor Garland.
8:40 of 1st period - Goal by Conor Garland - Moose : 0 - Comets : 1.
8:41 of 1st period - Brett Seney wins face-off versus Jake Leschyshyn in neutral zone.
8:52 of 1st period - Wrist shot by Joonas Donskoi.
8:52 of 1st period - Goal by Joonas Donskoi - Moose : 0 - Comets : 2.
8:53 of 1st period - Brett Seney wins face-off versus Jake Leschyshyn in neutral zone.
8:58 of 1st period - Backhand shot by Eetu Luostarinen.
8:58 of 1st period - Stopped by Juuse Saros with a rebound.
9:00 of 1st period - Snap shot by Jake Leschyshyn.
9:00 of 1st period - Stopped by Juuse Saros with a rebound.
9:02 of 1st period - Snap shot by Eetu Luostarinen.
9:02 of 1st period - Shot Blocked by Joonas Donskoi.
9:04 of 1st period - Slapshot by Ludwig Bystrom.
9:04 of 1st period - Stopped by Juuse Saros without a rebound.
9:05 of 1st period - Jake Leschyshyn wins face-off versus Brett Seney in Comets zone.
9:06 of 1st period - Slapshot by Eetu Luostarinen.
9:06 of 1st period - Shot Blocked by Ilya Lyubushkin.
9:08 of 1st period - Snap shot by Ludwig Bystrom.
9:08 of 1st period - Deflect By Jake Leschyshyn.
9:08 of 1st period - Stopped by Juuse Saros with a rebound.
9:12 of 1st period - Snap shot by Julien Gauthier.
9:12 of 1st period - Stopped by Juuse Saros without a rebound.
9:13 of 1st period - Brett Seney wins face-off versus Jake Leschyshyn in Comets zone.
9:38 of 1st period - Snap shot by Joonas Donskoi.
9:38 of 1st period - Goal by Joonas Donskoi - Moose : 0 - Comets : 3.
9:39 of 1st period - Brett Howden wins face-off versus Jake Leschyshyn in neutral zone.
10:06 of 1st period - Ilya Lyubushkin is hit by Ludwig Bystrom and loses puck.
11:31 of 1st period - Joonas Donskoi is hit by Mitchell Stephens and loses puck.
11:48 of 1st period - Alexandre Texier is hit by Aliaksei Protas and loses puck.
11:55 of 1st period - Snap shot by Boris Katchouk.
11:55 of 1st period - Shot Blocked by Vincent Desharnais.
11:57 of 1st period - Wrist shot by Ludwig Bystrom.
11:57 of 1st period - Shot Misses the Net.
12:16 of 1st period - Snap shot by Nicolas Roy.
12:16 of 1st period - Stopped by Filip Gustavsson without a rebound.
12:17 of 1st period - Jake Leschyshyn wins face-off versus Brett Seney in Moose zone.
12:24 of 1st period - Slapshot by Matthew Benning.
12:24 of 1st period - Shot Blocked by Wyatt Kalynuk.
13:34 of 1st period - Eetu Luostarinen is hit by Christian Wolanin and loses puck.
14:24 of 1st period - Snap shot by Logan O'Connor.
14:24 of 1st period - Stopped by Juuse Saros with a rebound.
14:30 of 1st period - Ludwig Bystrom is hit by Vincent Desharnais and loses puck.
14:43 of 1st period - Slapshot by Ludwig Bystrom.
14:43 of 1st period - Shot Blocked by Filip Roos.
14:48 of 1st period - Off-side.
14:49 of 1st period - Aliaksei Protas wins face-off versus Brett Howden in neutral zone.
14:52 of 1st period - Snap shot by Boris Katchouk.
14:52 of 1st period - Shot Misses the Net.
14:54 of 1st period - Wrist shot by Riley Damiani.
14:54 of 1st period - Shot Misses the Net.
14:56 of 1st period - Slapshot by Juuso Valimaki.
14:56 of 1st period - Stopped by Juuse Saros without a rebound.
14:57 of 1st period - Brett Howden wins face-off versus Riley Damiani in Comets zone.
15:15 of 1st period - Snap shot by Conor Garland.
15:15 of 1st period - Stopped by Filip Gustavsson without a rebound.
15:16 of 1st period - Jake Leschyshyn wins face-off versus Brett Seney in Moose zone.
15:42 of 1st period - Ilya Lyubushkin is hit by Logan O'Connor and loses puck.
15:47 of 1st period - Snap shot by Logan O'Connor.
15:47 of 1st period - Stopped by Juuse Saros without a rebound.
15:48 of 1st period - Mitchell Stephens wins face-off versus Brett Howden in Comets zone.
16:03 of 1st period - Wrist shot by Conor Garland.
16:03 of 1st period - Goal by Conor Garland - Moose : 0 - Comets : 4.
16:03 of 1st period - Daniel Vladar enters game.
16:04 of 1st period - Jake Leschyshyn wins face-off versus Brett Seney in neutral zone.
16:23 of 1st period - Ludwig Bystrom is hit by Joonas Donskoi and loses puck.
16:34 of 1st period - Slapshot by Ludwig Bystrom.
16:34 of 1st period - Stopped by Juuse Saros without a rebound.
16:35 of 1st period - Mitchell Stephens wins face-off versus John Hayden in Comets zone.
16:36 of 1st period - Snap shot by Logan O'Connor.
16:36 of 1st period - Stopped by Juuse Saros with a rebound.
16:49 of 1st period - Slapshot by Alexandre Texier.
16:49 of 1st period - Stopped by Daniel Vladar with a rebound.
16:51 of 1st period - Wrist shot by Eeli Tolvanen.
16:51 of 1st period - Stopped by Daniel Vladar without a rebound.
16:52 of 1st period - Joonas Donskoi wins face-off versus Jake Leschyshyn in Moose zone.
17:17 of 1st period - Matthew Benning is hit by Ilya Lyubushkin and loses puck.
17:26 of 1st period - Wrist shot by Logan O'Connor.
17:26 of 1st period - Goal by Logan O'Connor - Moose : 1 - Comets : 4.
17:27 of 1st period - Jake Leschyshyn wins face-off versus Brett Seney in neutral zone.
18:20 of 1st period - Wrist shot by Matthew Benning.
18:20 of 1st period - Stopped by Juuse Saros without a rebound.
18:21 of 1st period - Mitchell Stephens wins face-off versus Brett Seney in Comets zone.
18:47 of 1st period - Brett Howden is hit by Caleb Jones and loses puck.
19:00 of 1st period - Wrist shot by Logan O'Connor.
19:00 of 1st period - Shot Misses the Net.
19:10 of 1st period - Slapshot by Conor Garland.
19:10 of 1st period - Shot Blocked by Josh Mahura.
19:12 of 1st period - Snap shot by Brett Howden.
19:12 of 1st period - Shot Misses the Net.
19:18 of 1st period - Slapshot by Conor Garland.
19:18 of 1st period - Deflect By Mason Marchment.
19:18 of 1st period - Stopped by Daniel Vladar with a rebound.
19:20 of 1st period - Wrist shot by Mason Marchment.
19:20 of 1st period - Stopped by Daniel Vladar with a rebound.
19:22 of 1st period - Slapshot by Brett Howden.
19:22 of 1st period - Stopped by Daniel Vladar with a rebound.
19:24 of 1st period - Wrist shot by Conor Garland.
19:24 of 1st period - Shot Misses the Net.
19:32 of 1st period - Slapshot by Conor Garland.
19:32 of 1st period - Stopped by Daniel Vladar with a rebound.
19:52 of 1st period - Snap shot by Brett Howden.
19:52 of 1st period - Goal by Brett Howden - Moose : 1 - Comets : 5.
19:53 of 1st period - Jake Leschyshyn wins face-off versus Brett Seney in neutral zone.
Goals for this period are 1 for Moose vs 5 for Comets.
Shots for this period are 12 for Moose vs 18 for Comets.

2nd period


0:01 of 2nd period - Jake Leschyshyn wins face-off versus Valeri Nichushkin in neutral zone.
0:10 of 2nd period - Snap shot by Eetu Luostarinen.
0:10 of 2nd period - Stopped by Juuse Saros with a rebound.
0:33 of 2nd period - Snap shot by Alexandre Texier.
0:33 of 2nd period - Stopped by Daniel Vladar with a rebound.
0:35 of 2nd period - Wrist shot by Alexandre Texier.
0:35 of 2nd period - Goal by Alexandre Texier - Moose : 1 - Comets : 6.
0:36 of 2nd period - Brett Seney wins face-off versus Jake Leschyshyn in neutral zone.
1:26 of 2nd period - Conor Garland is hit by Caleb Jones and loses puck.
2:07 of 2nd period - Wyatt Kalynuk is hit by Julien Gauthier and loses puck.
2:29 of 2nd period - Jake Bean is hit by Aliaksei Protas and loses puck.
3:10 of 2nd period - Jake Bean is hit by Eetu Luostarinen and loses puck.
3:15 of 2nd period - Slapshot by Julien Gauthier.
3:15 of 2nd period - Stopped by Juuse Saros with a rebound.
3:31 of 2nd period - Wrist shot by Logan O'Connor.
3:31 of 2nd period - Shot Misses the Net.
3:33 of 2nd period - Wrist shot by Logan O'Connor.
3:33 of 2nd period - Shot Blocked by Wyatt Kalynuk.
3:35 of 2nd period - Slapshot by Mitchell Stephens.
3:35 of 2nd period - Shot Blocked by Wyatt Kalynuk.
3:37 of 2nd period - Snap shot by Matthew Benning.
3:37 of 2nd period - Deflect By Axel Jonsson-Fjallby.
3:37 of 2nd period - Stopped by Juuse Saros with a rebound.
4:24 of 2nd period - Icing by Conor Garland.
4:25 of 2nd period - Jake Leschyshyn wins face-off versus Brett Seney in Comets zone.
4:26 of 2nd period - Slapshot by Julien Gauthier.
4:26 of 2nd period - Shot Misses the Net.
5:32 of 2nd period - Wrist shot by David Kase.
5:32 of 2nd period - Shot Misses the Net.
5:34 of 2nd period - Snap shot by David Kase.
5:34 of 2nd period - Goal by David Kase - Moose : 1 - Comets : 7.
5:35 of 2nd period - Julien Gauthier wins face-off versus Brett Seney in neutral zone.
6:06 of 2nd period - Off-side.
6:07 of 2nd period - Boris Katchouk wins face-off versus Brett Seney in neutral zone.
6:10 of 2nd period - Snap shot by Boris Katchouk.
6:10 of 2nd period - Goal by Boris Katchouk - Moose : 2 - Comets : 7.
6:11 of 2nd period - Jake Leschyshyn wins face-off versus Valeri Nichushkin in neutral zone.
6:50 of 2nd period - Christian Wolanin is hit by Riley Damiani and loses puck.
7:21 of 2nd period - Snap shot by Boris Katchouk.
7:21 of 2nd period - Stopped by Juuse Saros with a rebound.
7:33 of 2nd period - Backhand shot by Boris Katchouk.
7:33 of 2nd period - Shot Blocked by Mason Marchment.
8:05 of 2nd period - Conor Garland is hit by Boris Katchouk and loses puck.
8:09 of 2nd period - Icing by Christian Wolanin.
8:10 of 2nd period - Eetu Luostarinen wins face-off versus Brett Howden in Comets zone.
8:12 of 2nd period - Icing by Brett Howden.
8:13 of 2nd period - Brett Howden wins face-off versus Jake Leschyshyn in Comets zone.
8:13 of 2nd period - Brett Howden is hit by Julien Gauthier.
9:42 of 2nd period - Snap shot by Brett Seney.
9:42 of 2nd period - Stopped by Daniel Vladar without a rebound.
9:43 of 2nd period - John Hayden wins face-off versus Mitchell Stephens in Moose zone.
10:35 of 2nd period - Snap shot by Brett Seney.
10:35 of 2nd period - Stopped by Daniel Vladar with a rebound.
10:41 of 2nd period - Brett Seney is hit by Matthew Benning and loses puck.
11:02 of 2nd period - Snap shot by Brett Seney.
11:02 of 2nd period - Shot Misses the Net.
11:14 of 2nd period - Wrist shot by Juuso Valimaki.
11:14 of 2nd period - Stopped by Juuse Saros with a rebound.
11:42 of 2nd period - Snap shot by John Hayden.
11:42 of 2nd period - Shot Blocked by John Beecher.
12:02 of 2nd period - Slapshot by Wyatt Kalynuk.
12:02 of 2nd period - Shot Misses the Net.
12:06 of 2nd period - Snap shot by Nicolas Roy.
12:06 of 2nd period - Deflect By David Kase.
12:06 of 2nd period - Stopped by Daniel Vladar with a rebound.
12:21 of 2nd period - Mason Marchment is hit by Aliaksei Protas and loses puck.
12:54 of 2nd period - Slapshot by Logan O'Connor.
12:54 of 2nd period - Shot Misses the Net.
12:56 of 2nd period - Wrist shot by Mitchell Stephens.
12:56 of 2nd period - Stopped by Juuse Saros with a rebound.
12:58 of 2nd period - Snap shot by Mitchell Stephens.
12:58 of 2nd period - Shot Misses the Net.
13:44 of 2nd period - Christian Wolanin is hit by Axel Jonsson-Fjallby and loses puck.
13:55 of 2nd period - Juuso Valimaki is hit by David Kase and loses puck.
14:08 of 2nd period - John Beecher is hit by John Hayden and loses puck.
14:17 of 2nd period - Alexandre Texier is hit by Caleb Jones and loses puck.
15:17 of 2nd period - Slapshot by Juuso Valimaki.
15:17 of 2nd period - Deflect By Boris Katchouk.
15:17 of 2nd period - Shot Misses the Net.
15:17 of 2nd period - Puck is out of play.
15:18 of 2nd period - Joonas Donskoi wins face-off versus Riley Damiani in Comets zone.
15:34 of 2nd period - Slapshot by Juuso Valimaki.
15:34 of 2nd period - Deflect By Boris Katchouk.
15:34 of 2nd period - Deflect By John Hayden.
15:34 of 2nd period - Shot Misses the Net.
15:34 of 2nd period - Puck is out of play.
15:35 of 2nd period - John Hayden wins face-off versus Jake Leschyshyn in Comets zone.
15:46 of 2nd period - Snap shot by Alexandre Texier.
15:46 of 2nd period - Stopped by Daniel Vladar with a rebound.
16:00 of 2nd period - Jake Leschyshyn is hit by Conor Garland and loses puck.
16:10 of 2nd period - Off-side.
16:11 of 2nd period - Mitchell Stephens wins face-off versus Brett Seney in neutral zone.
17:07 of 2nd period - Slapshot by Boris Katchouk.
17:07 of 2nd period - Shot Blocked by Mason Marchment.
17:27 of 2nd period - Backhand shot by Julien Gauthier.
17:27 of 2nd period - Shot Blocked by Christian Wolanin.
17:45 of 2nd period - Slapshot by Logan O'Connor.
17:45 of 2nd period - Stopped by Juuse Saros with a rebound.
17:47 of 2nd period - Slapshot by Axel Jonsson-Fjallby.
17:47 of 2nd period - Stopped by Juuse Saros with a rebound.
17:49 of 2nd period - Slapshot by Mitchell Stephens.
17:49 of 2nd period - Shot Blocked by Ilya Lyubushkin.
17:51 of 2nd period - Slapshot by Juuso Valimaki.
17:51 of 2nd period - Shot Misses the Net.
18:13 of 2nd period - Wrist shot by John Hayden.
18:13 of 2nd period - Shot Blocked by Caleb Jones.
18:23 of 2nd period - Juuso Valimaki is hit by Conor Garland and loses puck.
18:28 of 2nd period - Slapshot by Jake Bean.
18:28 of 2nd period - Stopped by Daniel Vladar without a rebound.
18:29 of 2nd period - Brett Howden wins face-off versus Jake Leschyshyn in Moose zone.
18:40 of 2nd period - Snap shot by Eetu Luostarinen.
18:40 of 2nd period - Stopped by Juuse Saros with a rebound.
18:42 of 2nd period - Slapshot by Eetu Luostarinen.
18:42 of 2nd period - Stopped by Juuse Saros without a rebound.
18:43 of 2nd period - Valeri Nichushkin wins face-off versus Jake Leschyshyn in Comets zone.
18:50 of 2nd period - Slapshot by Wyatt Kalynuk.
18:50 of 2nd period - Shot Misses the Net.
18:52 of 2nd period - Wrist shot by Valeri Nichushkin.
18:52 of 2nd period - Stopped by Daniel Vladar with a rebound.
18:54 of 2nd period - Slapshot by Wyatt Kalynuk.
18:54 of 2nd period - Shot Blocked by Josh Mahura.
18:56 of 2nd period - Wrist shot by Wyatt Kalynuk.
18:56 of 2nd period - Stopped by Daniel Vladar with a rebound.
18:58 of 2nd period - Snap shot by Joonas Donskoi.
18:58 of 2nd period - Shot Blocked by Julien Gauthier.
Goals for this period are 1 for Moose vs 2 for Comets.
Shots for this period are 11 for Moose vs 10 for Comets.

3rd period


0:01 of 3rd period - Brett Seney wins face-off versus Julien Gauthier in neutral zone.
0:22 of 3rd period - Minor Penalty to Ludwig Bystrom for Hooking.
0:23 of 3rd period - Jake Leschyshyn wins face-off versus Brett Seney in Moose zone.
0:36 of 3rd period - Wrist shot by Brett Seney.
0:36 of 3rd period - Stopped by Daniel Vladar with a rebound.
1:11 of 3rd period - Icing by Jake Bean.
1:12 of 3rd period - Brett Howden wins face-off versus Jake Leschyshyn in Comets zone.
1:19 of 3rd period - Slapshot by Jake Bean.
1:19 of 3rd period - Stopped by Daniel Vladar without a rebound.
1:20 of 3rd period - Joonas Donskoi wins face-off versus Jake Leschyshyn in Moose zone.
1:32 of 3rd period - Icing by Ilya Lyubushkin.
1:33 of 3rd period - Jake Leschyshyn wins face-off versus Brett Seney in Comets zone.
2:06 of 3rd period - Snap shot by Brett Seney.
2:06 of 3rd period - Stopped by Daniel Vladar with a rebound.
2:08 of 3rd period - Backhand shot by Brett Seney.
2:08 of 3rd period - Goal by Brett Seney - Moose : 2 - Comets : 8.
2:09 of 3rd period - Mitchell Stephens wins face-off versus John Hayden in neutral zone.
2:20 of 3rd period - Slapshot by Ludwig Bystrom.
2:20 of 3rd period - Shot Misses the Net.
2:22 of 3rd period - Wrist shot by Axel Jonsson-Fjallby.
2:22 of 3rd period - Stopped by Juuse Saros with a rebound.
2:24 of 3rd period - Wrist shot by Matthew Benning.
2:24 of 3rd period - Shot Blocked by Marcus Bjork.
3:17 of 3rd period - John Beecher is hit by David Kase and loses puck.
4:02 of 3rd period - Eetu Luostarinen is hit by Joonas Donskoi and loses puck.
4:25 of 3rd period - Slapshot by Matthew Benning.
4:25 of 3rd period - Shot Misses the Net.
4:29 of 3rd period - Wrist shot by Boris Katchouk.
4:29 of 3rd period - Shot Misses the Net.
4:45 of 3rd period - Slapshot by Juuso Valimaki.
4:45 of 3rd period - Stopped by Juuse Saros without a rebound.
4:46 of 3rd period - Brett Seney wins face-off versus Jake Leschyshyn in Comets zone.
4:57 of 3rd period - Wrist shot by Brett Seney.
4:57 of 3rd period - Stopped by Daniel Vladar with a rebound.
4:59 of 3rd period - Snap shot by Joonas Donskoi.
4:59 of 3rd period - Goal by Joonas Donskoi - Moose : 2 - Comets : 9.
4:59 of 3rd period - Filip Gustavsson enters game.
5:00 of 3rd period - Jake Leschyshyn wins face-off versus Brett Seney in neutral zone.
5:25 of 3rd period - Ludwig Bystrom is hit by Ilya Lyubushkin and loses puck.
5:34 of 3rd period - Wrist shot by Conor Garland.
5:34 of 3rd period - Shot Blocked by Matthew Benning.
5:53 of 3rd period - Off-side.
5:54 of 3rd period - Jake Leschyshyn wins face-off versus Brett Seney in neutral zone.
6:10 of 3rd period - Snap shot by Juuso Valimaki.
6:10 of 3rd period - Stopped by Juuse Saros with a rebound.
6:42 of 3rd period - Slapshot by Josh Mahura.
6:42 of 3rd period - Deflect By Mason Marchment.
6:42 of 3rd period - Stopped by Juuse Saros with a rebound.
6:44 of 3rd period - Slapshot by Lukas Rousek.
6:44 of 3rd period - Stopped by Juuse Saros without a rebound.
6:45 of 3rd period - John Beecher wins face-off versus Brett Howden in Comets zone.
6:46 of 3rd period - Wrist shot by Lukas Rousek.
6:46 of 3rd period - Shot Misses the Net.
6:48 of 3rd period - Wrist shot by John Beecher.
6:48 of 3rd period - Shot Hit the Post.
6:50 of 3rd period - Slapshot by Josh Mahura.
6:50 of 3rd period - Shot Misses the Net.
6:52 of 3rd period - Slapshot by Lukas Rousek.
6:52 of 3rd period - Stopped by Juuse Saros without a rebound.
6:53 of 3rd period - Jake Leschyshyn wins face-off versus Brett Seney in Comets zone.
7:02 of 3rd period - Wrist shot by Valeri Nichushkin.
7:02 of 3rd period - Stopped by Filip Gustavsson without a rebound.
7:03 of 3rd period - Brett Seney wins face-off versus Jake Leschyshyn in Moose zone.
8:14 of 3rd period - Slapshot by Valeri Nichushkin.
8:14 of 3rd period - Goal by Valeri Nichushkin - Moose : 2 - Comets : 10.
8:15 of 3rd period - Axel Jonsson-Fjallby wins face-off versus Brett Howden in neutral zone.
8:40 of 3rd period - Wyatt Kalynuk is hit by Aliaksei Protas.
9:11 of 3rd period - Slapshot by Juuso Parssinen.
9:11 of 3rd period - Stopped by Juuse Saros with a rebound.
9:57 of 3rd period - Snap shot by Aliaksei Protas.
9:57 of 3rd period - Shot Hit the Post.
9:59 of 3rd period - Wrist shot by Riley Damiani.
9:59 of 3rd period - Stopped by Juuse Saros without a rebound.
10:00 of 3rd period - Mitchell Stephens wins face-off versus Brett Seney in Comets zone.
10:53 of 3rd period - Wyatt Kalynuk is hit by Boris Katchouk and loses puck.
10:59 of 3rd period - Off-side.
11:00 of 3rd period - Brett Seney wins face-off versus Jake Leschyshyn in neutral zone.
12:06 of 3rd period - Slapshot by Lukas Rousek.
12:06 of 3rd period - Stopped by Juuse Saros without a rebound.
12:07 of 3rd period - John Beecher wins face-off versus Nicolas Roy in Comets zone.
12:32 of 3rd period - Jake Leschyshyn is hit by Valeri Nichushkin.
13:32 of 3rd period - Juuso Parssinen is hit by Alex Turcotte and loses puck.
14:24 of 3rd period - Wrist shot by Logan O'Connor.
14:24 of 3rd period - Stopped by Juuse Saros with a rebound.
14:26 of 3rd period - Wrist shot by Logan O'Connor.
14:26 of 3rd period - Shot Blocked by Conor Garland.
14:36 of 3rd period - Slapshot by Ilya Lyubushkin.
14:36 of 3rd period - Shot Misses the Net.
15:56 of 3rd period - Juuso Valimaki is hit by Mason Marchment and loses puck.
17:07 of 3rd period - Wrist shot by Brett Howden.
17:07 of 3rd period - Stopped by Filip Gustavsson without a rebound.
17:08 of 3rd period - Jake Leschyshyn wins face-off versus Brett Seney in Moose zone.
17:12 of 3rd period - Off-side.
17:13 of 3rd period - Jake Leschyshyn wins face-off versus Brett Seney in neutral zone.
17:40 of 3rd period - Slapshot by Joonas Donskoi.
17:40 of 3rd period - Shot Blocked by Matthew Benning.
18:01 of 3rd period - Wrist shot by Alex Turcotte.
18:01 of 3rd period - Stopped by Filip Gustavsson without a rebound.
18:02 of 3rd period - Nicolas Roy wins face-off versus John Beecher in Moose zone.
18:02 of 3rd period - Ilya Lyubushkin is hit by Lukas Rousek and loses puck.
18:13 of 3rd period - Slapshot by Nicolas Roy.
18:13 of 3rd period - Shot Misses the Net.
18:23 of 3rd period - Minor Penalty to Juuso Parssinen for Tripping.
18:24 of 3rd period - Jake Leschyshyn wins face-off versus Brett Seney in Moose zone.
Goals for this period are 0 for Moose vs 3 for Comets.
Shots for this period are 10 for Moose vs 10 for Comets.